 Dungeon Crawl Stone Soup version 0.24-a0-347-g1a3e1d3 (webtiles) character file.

Game seed: 12545644782781587225

127 Coron the Covered (level 4, -8/39 HPs)
             Began as a Deep Dwarf Gladiator on May 23, 2019.
             Killed by divine providence
             ... invoked by an orc priest
              (12 damage)
             ... on level 3 of the Dungeon.
             The game lasted 00:10:10 (2205 turns).

Coron the Covered (Deep Dwarf Gladiator)            Turns: 2205, Time: 00:10:11

Health: -8/39      AC:  8    Str: 19    XL:     4   Next: 85%
Magic:  4/4        EV: 12    Int:  8    God:
Gold:   177        SH:  0    Dex: 14    Spells: 3/3 levels left

rFire    . . .     SeeInvis +   a - +0 war axe
rCold    . . .     Gourm    .   (no shield)
rNeg     . . .     Faith    .   s - +0 ring mail (curse)
rPois    .         Spirit   .   c - +0 helmet
rElec    .         Reflect  .   (no cloak)
rCorr    .         Harm     .   i - +0 pair of gloves
MR       .....                  (no boots)
Stlth    ..........             (no amulet)
HPRegen  0.00/turn              t - ring of see invisible
MPRegen  0.09/turn              (no ring)

@: confused, non-regenerating
A: damage resistance, heal wounds, sense surroundings 1, no regeneration
a: Heal Wounds


You were on level 3 of the Dungeon.
You were not hungry.

You visited 1 branch of the dungeon, and saw 3 of its levels.

You collected 177 gold pieces.

Inventory:

Hand Weapons
 a - a +0 war axe (weapon)
 h - a +0 hunting sling
Missiles
 d - 3 throwing nets (quivered)
 g - 92 stones
Armour
 c - a +0 helmet (worn)
 i - a +0 pair of gloves (worn)
 s - a cursed +0 ring mail (worn)
 v - a +0 scale mail
Jewellery
 t - a ring of see invisible (left hand)
Scrolls
 b - a scroll of teleportation {unknown}
 e - a scroll of fear
 k - 3 scrolls of identify
 l - a scroll of remove curse
 m - a scroll of enchant armour {unknown}
 n - a scroll of immolation {unknown}
 o - a scroll of blinking {unknown}
Potions
 j - a potion of heal wounds {unknown}
 p - a potion of lignification
 r - a potion of brilliance
Comestibles
 f - 6 rations
 u - 5 chunks of flesh


   Skills:
 + Level 2.1 Fighting
 - Level 4.0 Axes
 - Level 1.7 Throwing
 + Level 4.2 Armour
 - Level 3.2 Dodging


You had 3 spell levels left.
You didn't know any spells.
Your spell library was empty.

Dungeon Overview and Level Annotations

Branches:
Dungeon (3/15)

Altars:


Innate Abilities, Weirdness & Mutations

You are resistant to damage.
You can heal yourself by infusing magical energy.
You passively map a small area around you.
You do not regenerate.


Message History

The orc wizard points at you and mumbles some strange words.
The puff of flame hits you.
* * * LOW HITPOINT WARNING * * *
You're too confused!
You're too confused!
You're too confused!
You're too confused!
You're too confused!
You're too confused!
You're too confused!
You're too confused!
You're too confused!
You're too confused!
You're too confused!
It was a potion of ambrosia.
You are more confused.
You feel invigorated.
The orc priest calls down the wrath of Beogh upon you.
Beogh smites you!
You die...

... ..#.# ## #.## #.#.# #######
#. ###..# #.#.####......
#.##....# #.#.#.........
#.#.....##### #.#.#.#.......
.####...........###.#.#.#..####.
#!....................รท....# #.
.((.(%..>...###)###........####.
.######.ro..###@###...).........
* ######.###)oo##.....)...####
.........((....)..).......# *
######.###....#####.##....# * #.
#.#.## #.##....### #.
#.#.######.##......) * , #.
#.#........##.#...## ,
..**#.#....##..#.##..#.# ..
..#.##.#<...###.....


You could see an orc priest and an orc wizard (invisible).

Vanquished Creatures
  An orc wizard (D:3)
  An adder (D:2)
  An ooze (D:2)
  2 worms (D:2)
  2 dart slugs
  2 leopard geckos (D:2)
  8 orcs (D:3)
  2 ball pythons
  11 bats
  A giant cockroach (D:2)
  6 goblins
  6 hobgoblins
  3 jackals (D:1)
  A quokka (D:2)
  7 frilled lizards
  4 kobolds
  11 rats
69 creatures vanquished.

Notes
Turn   | Place    | Note
-------+----------+-------------------------------------------
     0 | D:1      | Coron the Deep Dwarf Gladiator began the quest for the Orb.
     0 | D:1      | Reached XP level 1. HP: 19/19 MP: 1/1
   289 | D:1      | Reached skill level 1 in Armour
   289 | D:1      | Reached XP level 2. HP: 26/26 MP: 2/2
   972 | D:2      | Reached XP level 3. HP: 28/32 MP: 3/3
  1404 | D:2      | Reached XP level 4. HP: 19/39 MP: 4/4
  2204 | D:3      | HP: 1/39 [orc wizard/puff of flame (4)]
  2205 | D:3      | Killed from afar by an orc priest

Levels and vault maps discovered:
D:1:      dpeg_arrival_refuge, layout_loops_corners
D:2:      layout_basic, first_ration
D:3:      layout_loops_ring

Skill      XL: |  1  2  3  4 |
---------------+-------------+-----
Fighting       | 2 |  2.1
Armour         | 1 3 4 |  4.2
Axes           | 4 |  4.0
Throwing       | |  1.7
Dodging        | |  3.2

Action                   |  1- 3 |  4- 6 || total
-------------------------+-------+-------++-------
Melee: War axe           |   125 |    48 ||   173
       Hunting sling     |       |     2 ||     2
 Fire: Hunting sling     |    17 |    26 ||    43
 Abil: Heal Wounds       |       |     1 ||     1
  Use: Scroll            |     4 |     2 ||     6
       Potion            |       |     1 ||     1
  Eat: Chunk             |     2 |     2 ||     4
Armor: Leather armour    |    50 |       ||    50
       Ring mail         |       |    39 ||    39
Dodge: Dodged            |   113 |    36 ||   149

Table legend:
 A = Non-vault XP
 B = Vault XP
 C = Vault XP percentage of total XP
 D = Non-vault monster count
 E = Vault monster count
 F = Vault count percentage of total count
                 A         B        C        D         E       F
            +---------+---------+-------+---------+---------+-------
      Total |     182 |       0 |   0.0 |      69 |       0 |   0.0
            +---------+---------+-------+---------+---------+-------
        D:1 |      35 |       0 |   0.0 |      22 |       0 |   0.0
        D:2 |      72 |       0 |   0.0 |      28 |       0 |   0.0
        D:3 |      75 |       0 |   0.0 |      19 |       0 |   0.0
            +---------+---------+-------+---------+---------+-------
